 Dungeon Crawl Stone Soup version 0.30.2 (webtiles) character file.

Game seed: 6606076251662780395

35 mangeymoose the Chopper (level 3, -2/37 HPs)
             Began as an Ogre Gladiator on Jan 8, 2024.
             Was a Believer of Jiyva.
             Succumbed to a goblin's poison
             ... on level 2 of the Dungeon on Mar 19, 2024.
             The game lasted 00:09:09 (1469 turns).

mangeymoose the Chopper (Ogre Gladiator)            Turns: 1469, Time: 00:09:10

Health: -2/37      AC:  3    Str: 20    XL:     3   Next: 33%
Magic:  3/3        EV: 10    Int:  9    God:    Jiyva [**....]
Gold:   51         SH:  0    Dex: 10    Spells: 2/2 levels left

rFire   . . .        a - +0 war axe
rCold   . . .        (no shield)
rNeg    . . .        b - +0 robe
rPois   .            c - +0 hat
rElec   .            (no cloak)
rCorr   +            (gloves unavailable)
SInv    .            (boots unavailable)
Will    .....        (no amulet)
Stlth   +            (no ring)
HPRegen 1.22/turn    (no ring)
MPRegen 0.38/turn

%: no passive effects
@: lethally poisoned (-2 -> -12)
A: large, unfitting armour, tough skin 1
a: Renounce Religion


You were on level 2 of the Dungeon.
You worshipped Jiyva.
Jiyva was pleased with you.
You visited 1 branch of the dungeon, and saw 2 of its levels.

You collected 51 gold pieces.

Inventory:

Hand Weapons
 a - a +0 war axe (weapon)
Missiles
 d - 3 throwing nets
 e - a large rock
 h - 4 stones (quivered)
Armour
 b - a +0 robe (worn)
 c - a +0 hat (worn)
Scrolls
 g - a scroll of teleportation {unknown}
 i - a scroll of magic mapping {unknown}
 j - a scroll of identify
Potions
 f - a potion of curing
 k - a potion of lignification {unknown}
 l - a potion of degeneration {unknown}


   Skills:
 + Level 3.1 Fighting
 * Level 3.5 Axes
 * Level 2.6 Throwing
 + Level 2.9 Dodging


You had 2 spell levels left.
You didn't know any spells.
Your spell library contained the following spells:

 Spells                   Type           Power      Damage    Failure   Level
 Inner Flame              Hex/Fire       0%         N/A       77%         3
 Flame Wave               Conj/Fire      0%         2d4       99%         4
 Sticky Flame             Conj/Fire      0%         2d3       99%         4


Dungeon Overview and Level Annotations

Branches:
Dungeon (2/15)

Altars:
Jiyva


Innate Abilities, Weirdness & Mutations

You are too large for most types of armour.
You have tough skin. (AC +1)


Message History

You see here a +0 club.
A worm comes into view.
A goblin comes into view. It is wielding a +0 dagger of venom.
The goblin shouts!
You hear a distant slurping noise.
The goblin hits you but does no damage.
You are poisoned.
You barely miss the goblin.
You feel very sick.
The goblin hits you with a +0 dagger of venom.
You are more poisoned.
You barely miss the goblin.
You feel very sick. The goblin barely misses you.
The goblin hits you but does no damage.
You are more poisoned.
You miss the goblin.
You feel very sick. The goblin hits you but does no damage.
You are more poisoned.
You miss the goblin.
You feel extremely sick. The goblin barely misses you.
You closely miss the goblin.
You feel very sick. The goblin closely misses you.
You hear a distant slurping noise.
The goblin hits you with a +0 dagger of venom.
You are more poisoned.
You hit the goblin.
The goblin is severely wounded.
* * * LOW HITPOINT WARNING * * *
You feel very sick.
The goblin hits you with a +0 dagger of venom.
* * * LOW HITPOINT WARNING * * *
You are lethally poisoned!
You hit the goblin.
You kill the goblin!
* * * LOW HITPOINT WARNING * * *
You feel extremely sick.
You die...

#.#####...####..##
.......# #..#
#####..# #..# . #..#
#..# . #..# #..#
.##########..####..#
......).†))........#
...##############.##
.............w..@.#
....###############
....# ....# ....#
....# ....# .....


You could see a worm.

Vanquished Creatures
  Robin (D:2)
  2 giant cockroaches (D:1)
  9 goblins
  2 hobgoblins
  A quokka (D:1)
  3 ball pythons (D:1)
  3 bats (D:1)
21 creatures vanquished.

Vanquished Creatures (others)
  A dart slug (D:1)
  An endoplasm (D:2)
  2 ball pythons
  A giant cockroach (D:1)
  2 goblins (D:2)
  2 bats (D:1)
  A frilled lizard (D:2)
  A kobold (D:1)
11 creatures vanquished.

Grand Total: 32 creatures vanquished

Notes
Turn   | Place    | Note
-------+----------+-------------------------------------------
     0 | D:1      | mangeymoose the Ogre Gladiator began the quest for the Orb.
     0 | D:1      | Reached XP level 1. HP: 22/22 MP: 1/1
    74 | D:1      | Found a faded altar of an unknown god.
   149 | D:1      | Prayed at the altar of an unknown god.
   149 | D:1      | Became a worshipper of Jiyva Jischero the Shapeless
   149 | D:1      | Reached * piety under Jiyva
   437 | D:1      | Reached XP level 2. HP: 29/29 MP: 2/2
   478 | D:1      | Reached ** piety under Jiyva
  1095 | D:1      | Upgraded the game from 0.30.1-11-g7821555f0a to 0.30.2
  1364 | D:2      | Noticed Robin
  1382 | D:2      | Killed Robin
  1383 | D:2      | Reached XP level 3. HP: 35/37 MP: 3/3
  1469 | D:2      | Succumbed to a goblin's poison

Illustrated notes

Levels and vault maps discovered:
D:1:      dpeg_arrival_simpleton_b, layout_basic, basic_ecumenical_altar
D:2:      layout_basic, kennysheep_generic_room_8, uniq_robin

Skill      XL: |  1  2 |
---------------+-------+-----
Fighting       | 3 |  3.1
Axes           | |  3.5
Throwing       | |  2.6
Dodging        | |  2.9

Action                     || total
---------------------------++-------
  Melee: War axe           ||    72
  Throw: Stone             ||     2
    Use: Scroll            ||     1
 Armour: Robe              ||    50
  Dodge: Dodged            ||    57
